 Dungeon Crawl Stone Soup version 0.30-a0-242-g7bf8e6d787 (webtiles) character file.

Game seed: 11961087584074358619

9 LnG the Caller (level 2, 0/22 HPs)
             Began as a Kobold Summoner on Oct 11, 2022.
             Frozen to death by an endoplasm (4 damage)
             ... on level 1 of the Dungeon.
             The game lasted 00:03:07 (325 turns).

LnG the Caller (Kobold Summoner)                     Turns: 325, Time: 00:03:11

Health: 0/22       AC:  2    Str:  5    XL:     2   Next: 20%
Magic:  2/5        EV: 15    Int: 16    God:
Gold:   20         SH:  0    Dex: 15    Spells: 2/5 levels left

rFire   . . .      SeeInvis .    f - +0 dagger
rCold   . . .      Faith    .    (no shield)
rNeg    . . .      Spirit   .    a - +0 robe
rPois   .          Reflect  .    (no helmet)
rElec   .          Harm     .    (no cloak)
rCorr   .          Rampage  .    (no gloves)
Will    .....                    (no boots)
Stlth   ..........               (no amulet)
HPRegen 0.23/turn                (no ring)
MPRegen 0.09/turn                (no ring)

@: berserking, very quick
A: small, no large weapons, nightstalker 3
a: no special abilities


You were on level 1 of the Dungeon.
You visited 1 branch of the dungeon, and saw 1 of its levels.

You collected 20 gold pieces.

Inventory:

Hand Weapons
 f - a +0 dagger (weapon)
Armour
 a - a +0 robe (worn)
Scrolls
 c - 2 scrolls of magic mapping {unknown}
 d - a scroll of silence {unknown}
 e - a scroll of fog {unknown}
 h - a scroll of poison {unknown}
Potions
 b - a potion of magic
 g - a potion of heal wounds {unknown}
 i - a potion of berserk rage


   Skills:
 + Level 2.4 Dodging
 * Level 2.8 Stealth
 + Level 2.2 Spellcasting
 + Level 4.3 Summonings


You had 2 spell levels left.
You knew the following spells:

 Your Spells              Type           Power      Damage    Failure   Level
a - Summon Small Mammal   Summ           60%        N/A       3%          1
b - Call Imp              Summ           15%        N/A       4%          2

Your spell library contained the following spells:

 Spells                   Type           Power      Damage    Failure   Level
 Call Canine Familiar     Summ           15%        N/A       10%         3
 Summon Guardian Golem    Hex/Summ       8%         N/A       24%         3
 Summon Lightning Spire   Summ/Air       8%         N/A       63%         4


Dungeon Overview and Level Annotations

Branches:
Dungeon (1/15)

Altars:


Innate Abilities, Weirdness & Mutations

You are small and have problems with some larger weapons.
You are completely attuned to the shadows.


Message History

The endoplasm hits you.
Your crimson imp blinks!
Unknown command.
You completely miss the endoplasm. The bat misses you.
Your bat barely misses the bat.
The bat hits you but does no damage.
Your quokka bites the hobgoblin.
The hobgoblin closely misses your quokka.
The endoplasm closely misses you.
Your quokka barely misses the hobgoblin.
You hit the endoplasm but do no damage. The bat misses you.
The endoplasm hits you. The hobgoblin misses your quokka.
Your quokka misses the hobgoblin. The dart slug misses you.
You hit the endoplasm.
The endoplasm is heavily wounded.
Your bat closely misses the bat.
The bat closely misses your bat.
The hobgoblin closely misses your quokka.
The endoplasm hits you.
Your quokka barely misses the hobgoblin.
Your bat barely misses the endoplasm.
You hit the endoplasm.
The endoplasm is severely wounded.
The bat hits you but does no damage.
Your bat barely misses the bat.
The bat hits your bat but does no damage.
Your bat barely misses the endoplasm.
Your quokka bites the hobgoblin but does no damage.
The dart slug launches a dart at you. The slug dart misses you.
The slug dart hits the bat.
The hobgoblin hits your quokka. The endoplasm freezes you.
You are frozen.
* * * LOW HITPOINT WARNING * * *
Your crimson imp blinks!
It was a potion of berserk rage.
A red film seems to cover your vision as you go berserk!
You feel yourself moving faster!
You feel mighty!
The bat hits your bat but does no damage.
Your bat misses the bat.
Your quokka bites the hobgoblin.
The endoplasm freezes you.
You are frozen.
You die...

#.........# #.♣P...PP..♣
#.....###.###.♣PP...P..♣
###### #.....♣..P.<.PP♣
#.##..♣..PP...P♣
#.###.♣PP..P...♣ #.#
#.♣PP..PP..♣
#.###.♣♣♣♣♣♣♣♣♣.
##+##..b... #.5.b@.....
#...wJ##### #..r..#
#.g...# #.....# ..J...#


You could see a dart slug, an endoplasm (ally target), a hobgoblin (distracted,
ally target), a bat (ally target), a friendly crimson imp (summoned), a friendly
quokka (summoned) and a friendly bat (summoned).

Vanquished Creatures
  A ball python (D:1)
  A giant cockroach (D:1)
  A goblin (D:1)
  A bat (D:1)
4 creatures vanquished.

Vanquished Creatures (collateral kills)
  A hobgoblin (D:1)
  2 bats (D:1)
  A rat (D:1)
4 creatures vanquished.

Grand Total: 8 creatures vanquished

Notes
Turn   | Place    | Note
-------+----------+-------------------------------------------
     0 | D:1      | LnG the Kobold Summoner began the quest for the Orb.
     0 | D:1      | Reached XP level 1. HP: 10/10 MP: 3/3
   203 | D:1      | Reached XP level 2. HP: 15/15 MP: 5/5
   206 | D:1      | Learned a level 2 spell: Call Imp
   218 | D:1      | Found a faded altar of an unknown god.
   325 | D:1      | Frozen to death by an endoplasm

Illustrated notes

Levels and vault maps discovered:
D:1:      scummos_arrival_checkerplants, layout_basic,
          shapermc_ecumenical_altar_mp_vishouse

Action                   || total
-------------------------++-------
Melee: Unarmed           ||    12
       Dagger            ||    12
 Cast: Summon Small Mamm ||     8
       Call Imp          ||     1
  Use: Potion            ||     1
 Stab: Sleeping          ||     3
Armor: Robe              ||    11
Dodge: Dodged            ||    27

Table legend: (Time is in decaauts)
 A = Elapsed time spent in this place.
 B = Non-inter-level travel time spent in this place.
 C = Inter-level travel time spent in this place.
 D = Time resting spent in this place.
 E = Time spent auto-exploring this place.
 F = Levels seen in this place.
 G = Mean time per level.
                   A        B        C        D        E       F      G
               +--------+--------+--------+--------+--------+-----+--------+
         Total |    324 |    324 |      0 |      0 |    230 |   1 |  324.0 |
       Dungeon |    324 |    324 |      0 |      0 |    230 |   1 |  324.0 |
               +--------+--------+--------+--------+--------+-----+--------+

Top non-repeatable levels by time:
     D:1: 324 daAuts
